 Dungeon Crawl Stone Soup version 0.18.1-48-g4cf74bf (webtiles) character file.

21065 Lorraine the Geomancer (level 12, -1/141 HPs)
             Began as a Naga Ice Elementalist on Sept 2, 2016.
             Was a High Priest of Okawaru.
             Killed from afar by an elephant (41 damage)
             ... with an exploding inner flame
             ... hexed by the player character
             ... on level 2 of the Lair of Beasts on Sept 3, 2016.
             The game lasted 00:55:19 (19442 turns).

Lorraine the Geomancer (Naga Ice Elementalist)     Turns: 19442, Time: 00:55:19

Health: -1/141     AC: 32    Str: 15    XL:     12   Next: 86%
Magic:  20/31      EV: 12    Int: 24    God:    Okawaru [*****.]
Gold:   750        SH:  0    Dex: 11    Spells: 6 memorised, 6 levels left

rFire  . . .     SeeInvis +     x - +3 dagger (elec)
rCold  . . .     Gourm    .     (armour currently unavailable)
rNeg   + . .     Faith    +     (no shield)
rPois  ∞         Spirit   .     L - +2 helmet
rElec  +         Dismiss  .     s - +2 cloak
rCorr  .         Reflect  .     (gloves currently unavailable)
SustAt .         Harm     .     (no barding)
MR     +....                    v - amulet of faith
Stlth  +++.......               A - +5 ring of intelligence
                                F - ring of magical power

@: short of breath, statue-form, finesse, very slightly contaminated, very slow,
somewhat resistant to hostile enchantments, fairly stealthy
A: (icy blue scales 0), (yellow scales 0), see invisible, deformed body, poison
resistance, electricity resistance, (slowness 0), slow metabolism 1, spit poison
3, strong 1, AC +4
a: Breathe Poison Gas, End Transformation, Heroism, Finesse, Renounce Religion


You were on level 2 of the Lair of Beasts.
You worshipped Okawaru.
Okawaru was extremely pleased with you.
You were not hungry.
You were a stone statue.
You visited 3 branches of the dungeon, and saw 14 of its levels.

You collected 773 gold pieces.
You spent 23 gold pieces at shops.

Inventory:

Hand Weapons
 l - the +6 Majin-Bo {vamp, Archmagi MP+6 Int+6}
   (Okawaru gifted it to you on level 11 of the Dungeon)

   It inflicts no extra harm, but heals its wielder somewhat when it strikes a
   living foe.
   It affects your intelligence (+6).
   It affects your magic capacity (+6).
 o - a +2 glaive of protection
 x - a +3 dagger of electrocution (weapon)
 D - a +0 blowgun
 W - a +4 scimitar of flaming
Missiles
 i - 7 curare-tipped needles
 C - 22 poisoned needles
Armour
 h - a +2 naga barding of fire resistance (melded)
 s - a +2 cloak (worn)
 B - a +0 pair of gloves (melded)
 L - a +2 helmet (worn)
 V - a +2 robe of cold resistance (melded)
Jewellery
 e - an uncursed ring of protection from magic
 m - an uncursed ring of protection from cold
 v - an amulet of faith (around neck)
 A - a +5 ring of intelligence (right hand)
 F - a ring of magical power (left hand)
 I - an uncursed ring of resist corrosion
Wands
 n - a wand of polymorph (12/24)
 y - a wand of lightning (8/15)
Scrolls
 j - a scroll of remove curse
 k - a scroll of fog
 t - a scroll of immolation
Potions
 g - 2 potions of cancellation
 p - a potion of curing
 Q - a potion of flight
Comestibles
 a - 3 chunks of flesh
 c - 16 bread rations
 f - 2 meat rations
 r - 18 fruits


   Skills:
 + Level 7.4 Fighting
 - Level 5.9 Short Blades
 - Level 1.8(2.8) Polearms
 + Level 3.3(3.5) Staves
 + Level 6.4 Dodging
 - Level 6.7 Stealth
 + Level 7.0 Spellcasting
   Level 1.0 Conjurations
 - Level 3.6 Charms
 * Level 9.4 Transmutations
 - Level 5.1 Ice Magic
 * Level 9.6 Earth Magic


You had 6 spell levels left.
You knew the following spells:

 Your Spells              Type           Power        Failure   Level  Hunger
a - Ozocubu's Armour      Chrm/Ice       ####....     3%          3    None
b - Blink                 Tloc           N/A          12%         2    None
f - Freeze                Ice            ####         1%          1    None
s - Statue Form           Trmt/Erth      ######...    24%         6    ######.
t - Tukima's Dance        Hex            #.......     24%         3    None
u - Summon Ice Beast      Ice/Summ       ###.....     28%         4    ###....


Dungeon Overview and Level Annotations

Branches:
Dungeon (11/15)            Temple (1/1) D:4            Lair (2/8) D:11
    Orc (0/2) D:11

Altars:
Ashenzari
Cheibriados
Dithmenos
Elyvilon
Fedhas
Gozag
Kikubaaqudgha
Makhleb
Nemelex Xobeh
Okawaru
Pakellas
Qazlal
Ru
Sif Muna
Trog
Vehumet
Xom
Yredelemnul
Zin
The Shining One

Shops:
D:10 *


Innate Abilities, Weirdness & Mutations

You cannot wear boots.
((Your serpentine skin is tough (AC +4).))
You have supernaturally acute eyesight.
Armour fits poorly on your strangely shaped body.
Your system is resistant to poisons.
((You cover ground very slowly.))
You have a slow metabolism.
You can exhale a cloud of poison.
((You are partially covered in icy blue scales (AC +1).))
((You are partially covered in yellow scales (AC +2).))
You are resistant to electric shocks.
Your muscles are strong. (Str +2)


Message History

The elephant is almost dead.
The fiery explosion engulfs the elephant.
The elephant is moderately wounded.
Okawaru accepts your kill.
You are engulfed in roaring flames.
You hear a trumpeting! x2
The elephant is engulfed in roaring flames.
The elephant closely misses you.
The elephant trunk-slaps you but does no damage.
Unknown command.
Unknown command.
Unknown command.
Unknown command.
Unknown command.
The elephant is engulfed in roaring flames. x2
The elephant explodes!
The fiery explosion engulfs the elephant.
The elephant explodes!
The fiery explosion engulfs you!
You die...

...#........... #.
.....+........... ...
.... ...........♣
#.P+####.###.........♣
#...................♣
#...................♣
#..................♣
#..........§§§....♣♣
#......††.8§§§....♣
#.#..#...##§§§....♣
#.#.##..###§Y§....♣
#..#.....#.Y......♣
#.++.....#........♣
#..#.....#........♣
#.+......##?......♣
##........##.......♣
#...#..............♣


You could see 2 elephants.

Vanquished Creatures
  Harold (D:11)
  Erica (D:8)
  Urug (D:10)
  Sonja (D:10)
  3 hill giants
  An ugly thing (D:11)
  A centaur zombie (D:10)
  Joseph (D:10)
  Maurice (D:9)
  A black mamba (Lair:1)
  Psyche (D:11)
  3 spiny frogs
  A gargoyle (D:6)
  9 komodo dragons
  2 trolls
  Prince Ribbit (D:6)
  4 slime creatures
  6 blink frogs (Lair:1)
  A human (D:11)
  3 wraiths (D:9)
  A wyvern (D:9)
  A hungry ghost (D:11)
  2 hippogriffs
  Edmund (D:3)
  A warg (D:11)
  A water moccasin (Lair:1)
  4 porcupines (Lair:1)
  8 orc warriors
  4 ice beasts
  A wasp (D:11)
  3 sky beasts
  3 necrophages (D:9)
  4 wolves (Lair:1)
  An eye of draining (D:10)
  7 ogres
  9 centaurs
  2 crocodiles (Lair:1)
  3 big kobolds
  A wyvern zombie (D:10)
  4 giant frogs
  2 scorpions
  7 wights
  2 spriggan skeletons (D:10)
  6 howler monkeys
  A troll skeleton (D:10)
  3 crimson imps
  3 giant frog zombies
  A quasit (D:11)
  5 centaur skeletons (D:10)
  4 human zombies (D:9)
  8 orc priests
  3 hounds
  9 jellies
  13 orc wizards
  A giant frog skeleton (D:7)
  Jessica (D:3)
  A human skeleton (D:9)
  Natasha (thrice) (D:3)
  4 iguanas
  7 worker ants
  A killer bee zombie (D:7)
  A hound zombie (D:8)
  2 hound skeletons
  A worker ant zombie (D:7)
  12 adders
  4 gnolls
  5 river rats (Lair:2)
  A shadow imp (D:9)
  An ooze (D:4)
  2 adder zombies (D:6)
  2 adder skeletons
  A worm (D:6)
  4 dart slugs (D:1)
  5 giant geckos
  68 orcs
  6 giant cockroaches
  7 goblins
  4 hobgoblins
  13 jackals
  7 quokkas
  11 bats
  2 giant gecko skeletons (D:6)
  A giant gecko zombie (D:7)
  4 giant newts
  2 jackal skeletons
  23 kobolds
  An orc zombie (D:9)
  A quokka skeleton (D:6)
  9 rats
389 creatures vanquished.

Vanquished Creatures (others)
  A plant (D:11)
1 creature vanquished.

Grand Total: 390 creatures vanquished

Notes
Turn   | Place    | Note
--------------------------------------------------------------
     0 | D:1      | Lorraine the Naga Ice Elementalist began the quest for the Orb.
     0 | D:1      | Reached XP level 1. HP: 15/15 MP: 3/3
   307 | D:1      | Reached XP level 2. HP: 19/24 MP: 0/5
   823 | D:1      | Reached XP level 3. HP: 11/30 MP: 4/6
  1021 | D:1      | Learned a level 3 spell: Ozocubu's Armour
  1332 | D:1      | Reached skill level 1 in Fighting
  2120 | D:2      | Reached XP level 4. HP: 32/38 MP: 5/7
  2683 | D:3      | Noticed Natasha
  2693 | D:3      | Killed Natasha
  2950 | D:3      | Reached skill level 1 in Charms
  2950 | D:3      | Reached XP level 5. HP: 33/45 MP: 4/8
  3048 | D:3      | Reached skill level 1 in Polearms
  3324 | D:3      | Noticed Jessica
  3332 | D:3      | Killed Jessica
  3390 | D:3      | Found a glowing golden altar of the Shining One.
  3482 | D:3      | Noticed Natasha
  3489 | D:3      | Killed Natasha
  4143 | D:3      | Reached XP level 6. HP: 52/52 MP: 10/10
  4169 | D:3      | Noticed Natasha
  4173 | D:3      | Killed Natasha
  4295 | D:4      | Noticed Edmund
  4319 | D:3      | Killed Edmund
  4483 | D:4      | Reached skill level 5 in Stealth
  4487 | D:4      | Reached XP level 7. HP: 25/61 MP: 5/11
  5264 | D:4      | Found a staircase to the Ecumenical Temple.
  5274 | Temple   | Entered the Ecumenical Temple
  5764 | D:5      | Entered Level 5 of the Dungeon
  5943 | D:5      | Found an iron altar of Okawaru.
  5954 | D:5      | Became a worshipper of Warmaster Okawaru
  5985 | D:5      | Reached skill level 1 in Short Blades
  6669 | D:5      | Reached XP level 8. HP: 68/69 MP: 13/13
  7493 | D:6      | Reached * piety under Okawaru
  7590 | D:6      | Noticed Prince Ribbit
  7598 | D:6      | Killed Prince Ribbit
  7598 | D:6      | Reached skill level 5 in Ice Magic
  7865 | D:6      | Found a shadowy altar of Dithmenos.
  7880 | D:6      | Learned a level 6 spell: Statue Form
  7945 | D:6      | Noticed a gargoyle
  8290 | D:6      | Reached ** piety under Okawaru
  8478 | D:6      | Reached skill level 1 in Transmutations
  8478 | D:6      | Reached skill level 1 in Earth Magic
  8478 | D:6      | Reached XP level 9. HP: 59/78 MP: 15/15
  8494 | D:6      | Killed a gargoyle
  9582 | D:7      | Found a snail-covered altar of Cheibriados.
 10064 | D:7      | Found a sacrificial altar of Ru.
 10214 | D:7      | Reached skill level 5 in Fighting
 10351 | D:8      | Noticed Erica
 10997 | D:8      | Reached XP level 10. HP: 72/88 MP: 17/17
 11104 | D:8      | Killed Erica
 11104 | D:8      | Reached *** piety under Okawaru
 11104 | D:8      | Reached skill level 5 in Spellcasting
 11113 | D:8      | Reached skill level 5 in Transmutations
 12157 | D:8      | Reached skill level 5 in Earth Magic
 12161 | D:8      | Gained mutation: You are agile. (Dex +2) [mutagenic meat]
 12162 | D:8      | Gained mutation: You tend to lose your temper in combat. [mutagenic meat]
 12163 | D:8      | Gained mutation: You are dopey. (Int -2) [mutagenic meat]
 12178 | D:8      | Lost mutation: You are dopey. (Int -2) [potion of cure mutation]
 12178 | D:8      | Lost mutation: You are agile. (Dex +2) [potion of cure mutation]
 12178 | D:8      | Lost mutation: You tend to lose your temper in combat. [potion of cure mutation]
 12669 | D:9      | Found a bloodstained altar of Trog.
 12747 | D:9      | Reached **** piety under Okawaru
 12927 | D:9      | Found a deep blue altar of Sif Muna.
 12927 | D:9      | Found a stormy altar of Qazlal.
 12928 | D:9      | Found a shimmering altar of Xom.
 13025 | D:9      | Reached skill level 5 in Dodging
 13174 | D:9      | Found a basalt altar of Yredelemnul.
 13421 | D:9      | Noticed Maurice
 13471 | D:9      | Killed Maurice
 13471 | D:9      | Reached ***** piety under Okawaru
 13471 | D:9      | Reached skill level 5 in Short Blades
 13471 | D:9      | Reached XP level 11. HP: 19/96 MP: 15/19
 13943 | D:10     | Entered Level 10 of the Dungeon
 14125 | D:10     | Found Feli's Assorted Antiques.
 14170 | D:10     | Bought a metallic emerald potion for 23 gold pieces
 14346 | D:10     | Noticed Sonja
 14350 | D:10     | Noticed Joseph
 14647 | D:10     | Learned a level 3 spell: Tukima's Dance
 14668 | D:10     | Killed Sonja
 15314 | D:10     | Noticed Urug
 15336 | D:10     | Killed Urug
 15845 | D:10     | Noticed a hill giant
 15860 | D:10     | Killed a hill giant
 16365 | D:10     | Gained mutation: You are resistant to hostile enchantments. [mutagenic meat]
 16366 | D:10     | Gained mutation: You are partially covered in icy blue scales (AC +1). [mutagenic meat]
 16368 | D:10     | Gained mutation: You are resistant to electric shocks. [mutagenic meat]
 16489 | D:10     | Killed Joseph
 16645 | D:11     | Noticed a brown ugly thing
 16699 | D:11     | Received a gift from Okawaru
 16709 | D:11     | Noticed a hill giant
 16728 | D:11     | Killed a hill giant
 16732 | D:11     | Lost mutation: You are resistant to hostile enchantments. [miscasting Statue Form]
 16740 | D:11     | Gained mutation: You can exhale a cloud of poison. [potion of beneficial mutation]
 16742 | D:11     | Gained mutation: You are partially covered in yellow scales (AC +2). [potion of mutation]
 16742 | D:11     | Gained mutation: Your muscles are strong. (Str +2) [potion of mutation]
 16770 | D:11     | Killed a brown ugly thing
 17133 | D:11     | Found a staircase to the Orcish Mines.
 17255 | D:11     | Noticed Harold
 17306 | D:11     | Killed Harold
 17306 | D:11     | Reached XP level 12. HP: 106/106 MP: 17/21
 17329 | D:11     | Received a gift from Okawaru
 17329 | D:11     | Reached skill level 1 in Staves
 17545 | D:11     | Noticed Psyche
 17552 | D:11     | Killed Psyche
 18357 | D:11     | Found a staircase to the Lair.
 18397 | Lair:1   | Entered Level 1 of the Lair of Beasts
 18973 | Lair:1   | Reached ****** piety under Okawaru
 18979 | Lair:1   | Received a gift from Okawaru
 19310 | Lair:1   | Learned a level 2 spell: Blink
 19328 | Lair:1   | Learned a level 4 spell: Summon Ice Beast
 19442 | Lair:2   | Killed from afar by an elephant

Skill      XL: |  1  2  3  4  5  6  7  8  9 10 11 12 |
---------------+-------------------------------------+-----
Fighting       | 1 2 3 4 5 6 7 |  7.4
Dodging        | 2 3 4 5 6 |  6.4
Charms         | 1 2 3 |  3.6
Polearms       | 1 |  1.8
Stealth        | 4 5 6 |  6.7
Ice Magic      | 4 5 |  5.1
Spellcasting   | 3 4 5 6 7 |  7.0
Short Blades   | 1 3 5 |  5.9
Transmutations | 1 4 6 8 9 |  9.4
Earth Magic    | 1 4 6 8 9 |  9.6
Staves         | 3 |  3.3
Conjurations   | |  1.0

Action                   |  1- 3 |  4- 6 |  7- 9 | 10-12 || total
-------------------------+-------+-------+-------+-------++-------
Melee: Unarmed           |    26 |       |       |       ||    26
       Halberd           |    70 |    44 |       |       ||   114
       Trident           |       |    68 |       |       ||    68
       Dagger            |       |       |   363 |   728 ||  1091
       Punch             |       |       |       |     1 ||     1
 Cast: Freeze            |    19 |    48 |    59 |   128 ||   254
       Ozocubu's Armour  |       |     1 |       |     3 ||     4
       Statue Form       |       |       |       |    15 ||    15
       Blink             |       |       |       |     1 ||     1
Invok: Heroism           |       |       |     1 |    10 ||    11
       Finesse           |       |       |       |     3 ||     3
 Abil: Spit Poison       |     6 |    10 |    15 |    12 ||    43
       Breathe Poison Ga |       |       |       |    14 ||    14
Evoke: Wand              |       |       |     1 |    32 ||    33
  Use: Scroll            |     1 |     1 |     3 |    30 ||    35
       Potion            |       |       |     5 |    23 ||    28
 Stab: Sleeping          |     7 |     8 |    11 |    27 ||    53
       Distracted        |       |       |     1 |     1 ||     2
  Eat: Chunk             |     3 |     7 |     9 |    40 ||    59
       Meat ration       |       |       |     2 |       ||     2
       Pizza             |       |       |     1 |       ||     1
       Royal jelly       |       |       |       |     4 ||     4
Armor: Robe              |    19 |    39 |   125 |   208 ||   391
       Skin              |       |       |       |   251 ||   251
Dodge: Dodged            |    82 |    75 |   191 |   543 ||   891
